[ AOE2 MATCH · #468658435 ]
1v1 RMWei vs Cumans
Player's team · LOSS
Rival team · WIN
[ REPLAY ANALYSIS · EXTRACTED FROM THE RECORDED GAME ]
Feudal
9:18
Castle
26:49
Imperial
—
| APM avg | 53.3 |
| APM peak | 92 |
| eAPM avg | 23.9 |
| Villagers / military | 32 / 6 |
Focus
⚔️ 15.9% · 🌾 84.1%
Skirmisher ×6
Feudal
9:46
Castle
—
Imperial
—
| APM avg | 24.6 |
| APM peak | 42 |
| eAPM avg | 14.1 |
| Villagers / military | 52 / 54 |
Focus
⚔️ 28.9% · 🌾 71.1%
Archer ×45 · Battering Ram ×9
Match map
Initial resources + every placement click. Lines = walls · curves = elevation contours. ◆ gold · ⬟ stone · ● berries · ✦ relic · ◌ wall gap
Your base· ✓ Closed at 26:49 · 13t walls · 1 gate(s)
AlfieDX9's base· Open — unwalled flank
Smoothed initial terrain · ◌ = detected wall gap · hover for details
Inputs per minute
— 寶哥哥 - - AlfieDX9
Build order — 寶哥哥
90 actions detected in the replay
| 0:01 | Create | Villager (Male) |
| 0:01 | Create | Villager (Male) |
| 0:02 | Create | Villager (Male) |
| 0:02 | Create | Villager (Male) |
| 0:03 | Build | House |
| 0:05 | Build | House |
| 1:32 | Create | Villager (Male) |
| 2:07 | Create | Villager (Male) |
| 2:16 | Build | Lumber Camp |
| 2:36 | Create | Villager (Male) |
| 3:13 | Create | Villager (Male) |
| 3:13 | Create | Villager (Male) |
| 3:17 | Create | Villager (Male) |
| 3:30 | Build | House |
| 4:23 | Create | Villager (Male) |
| 4:25 | Create | Villager (Male) |
| 4:30 | Create | Villager (Male) |
| 4:30 | Create | Villager (Male) |
| 5:58 | Build | Mill |
| 6:04 | Create | Villager (Male) |
| 6:05 | Create | Villager (Male) |
| 7:08 | Research | Feudal Age |
| 8:00 | Build | House |
| 8:34 | Build | Barracks |
| 9:11 | Create | Villager (Male) |
| 9:18 | Age | Feudal Age |
| 9:33 | Build | House |
| 9:45 | Build | Mill |
| 9:50 | Create | Villager (Male) |
| 9:52 | Research | Loom |
| 10:16 | Build | House |
| 10:23 | Build | Palisade Gate |
| 10:31 | Build | House |
| 10:33 | Build | House |
| 10:37 | Build | House |
| 10:40 | Build | House |
| 10:44 | Build | Palisade Wall |
| 10:51 | Build | House |
| 10:54 | Build | Farm |
| 11:02 | Build | House |
| 11:06 | Create | Villager (Male) |
| 11:39 | Build | House |
| 11:43 | Build | House |
| 11:46 | Build | House |
| 11:48 | Build | Farm |
| 11:51 | Build | House |
| 11:52 | Create | Villager (Male) |
| 11:55 | Build | Farm |
| 11:59 | Build | House |
| 12:01 | Build | House |
| 12:07 | Create | Villager (Male) |
| 12:19 | Build | House |
| 12:20 | Build | House |
| 12:22 | Build | House |
| 12:31 | Build | Palisade Wall |
| 12:46 | Build | House |
| 12:54 | Build | Palisade Wall |
| 12:57 | Build | Farm |
| 13:15 | Build | Farm |
| 13:19 | Build | House |
| 13:28 | Build | House |
| 13:30 | Build | Palisade Wall |
| 13:36 | Create | Villager (Male) |
| 14:01 | Build | Lumber Camp |
| 14:08 | Create | Villager (Male) |
| 14:08 | Create | Villager (Male) |
| 14:43 | Build | Watch Tower |
| 15:31 | Build | Mining Camp |
| 16:23 | Build | Archery Range |
| 17:16 | Create | Skirmisher |
| 17:16 | Create | Skirmisher |
| 17:43 | Build | House |
| 18:31 | Create | Skirmisher |
| 18:50 | Create | Skirmisher |
| 19:49 | Create | Skirmisher |
| 19:49 | Create | Skirmisher |
| 21:54 | Create | Villager (Male) |
| 21:54 | Create | Villager (Male) |
| 21:54 | Create | Villager (Male) |
| 22:09 | Create | Villager (Male) |
| 22:26 | Create | Villager (Male) |
| 22:47 | Build | Blacksmith |
| 22:53 | Create | Villager (Male) |
| 23:41 | Build | Farm |
| 24:05 | Build | Farm |
| 24:09 | Research | Castle Age |
| 25:07 | Create | Villager (Male) |
| 25:07 | Create | Villager (Male) |
| 25:59 | Research | Gold Mining |
| 26:49 | Age | Castle Age |
Build order — AlfieDX9
First 150 of 162 actions detected
| 0:01 | Create | Villager (Male) |
| 0:01 | Create | Villager (Male) |
| 0:01 | Create | Villager (Male) |
| 0:02 | Create | Villager (Male) |
| 0:03 | Build | House |
| 0:04 | Build | House |
| 1:37 | Create | Villager (Male) |
| 1:47 | Build | Lumber Camp |
| 2:06 | Create | Villager (Male) |
| 2:32 | Create | Villager (Male) |
| 2:53 | Create | Villager (Male) |
| 3:04 | Build | House |
| 3:05 | Build | House |
| 3:18 | Create | Villager (Male) |
| 3:59 | Create | Villager (Male) |
| 4:09 | Create | Villager (Male) |
| 4:10 | Create | Villager (Male) |
| 4:39 | Create | Villager (Male) |
| 4:40 | Create | Villager (Male) |
| 4:40 | Create | Villager (Male) |
| 5:34 | Create | Villager (Male) |
| 5:35 | Create | Villager (Male) |
| 5:40 | Research | Loom |
| 6:30 | Build | Barracks |
| 6:55 | Create | Villager (Male) |
| 7:23 | Build | Mill |
| 7:36 | Research | Feudal Age |
| 7:56 | Build | Mining Camp |
| 9:05 | Build | Mill |
| 9:42 | Create | Villager (Male) |
| 9:46 | Age | Feudal Age |
| 9:54 | Build | Archery Range |
| 9:56 | Build | Archery Range |
| 10:06 | Build | Blacksmith |
| 10:08 | Build | House |
| 10:09 | Build | House |
| 10:15 | Create | Villager (Male) |
| 10:15 | Create | Villager (Male) |
| 10:20 | Create | Villager (Male) |
| 11:20 | Create | Archer |
| 11:20 | Create | Archer |
| 11:28 | Build | House |
| 11:29 | Build | House |
| 11:34 | Create | Archer |
| 11:34 | Create | Archer |
| 11:44 | Create | Villager (Male) |
| 11:49 | Create | Archer |
| 11:49 | Create | Archer |
| 11:56 | Build | Archery Range |
| 12:36 | Create | Villager (Male) |
| 12:49 | Create | Archer |
| 12:49 | Create | Archer |
| 12:53 | Create | Villager (Male) |
| 13:04 | Create | Archer |
| 13:32 | Research | Fletching |
| 13:32 | Create | Villager (Male) |
| 13:45 | Create | Archer |
| 13:45 | Create | Archer |
| 14:07 | Create | Archer |
| 14:09 | Create | Villager (Male) |
| 14:09 | Create | Villager (Male) |
| 14:09 | Create | Villager (Male) |
| 14:16 | Build | Mining Camp |
| 14:31 | Create | Archer |
| 14:31 | Create | Archer |
| 15:02 | Create | Archer |
| 15:02 | Create | Archer |
| 15:03 | Create | Archer |
| 15:03 | Create | Villager (Male) |
| 15:37 | Create | Archer |
| 15:38 | Create | Archer |
| 15:38 | Create | Archer |
| 15:39 | Create | Villager (Male) |
| 15:43 | Build | House |
| 15:44 | Build | House |
| 15:45 | Build | House |
| 15:50 | Create | Villager (Male) |
| 15:50 | Create | Villager (Male) |
| 15:58 | Build | House |
| 15:59 | Build | House |
| 16:00 | Build | House |
| 16:06 | Research | Double-Bit Axe |
| 16:25 | Create | Archer |
| 16:25 | Create | Archer |
| 16:25 | Create | Archer |
| 16:26 | Create | Archer |
| 16:26 | Create | Villager (Male) |
| 16:42 | Build | Siege Workshop |
| 17:01 | Create | Archer |
| 17:02 | Create | Archer |
| 17:02 | Create | Archer |
| 17:03 | Create | Villager (Male) |
| 17:49 | Create | Villager (Male) |
| 17:50 | Create | Villager (Male) |
| 18:04 | Research | Horse Collar |
| 18:25 | Create | Archer |
| 18:26 | Create | Archer |
| 18:26 | Create | Archer |
| 18:26 | Create | Archer |
| 18:39 | Create | Villager (Male) |
| 18:39 | Create | Villager (Male) |
| 18:40 | Create | Villager (Male) |
| 18:49 | Create | Battering Ram |
| 18:52 | Create | Battering Ram |
| 18:57 | Build | House |
| 19:05 | Build | Farm |
| 19:06 | Build | Farm |
| 19:07 | Build | Farm |
| 19:46 | Build | Siege Workshop |
| 20:43 | Create | Battering Ram |
| 20:46 | Create | Battering Ram |
| 21:02 | Create | Archer |
| 21:02 | Create | Archer |
| 21:02 | Create | Archer |
| 21:03 | Create | Archer |
| 21:03 | Create | Villager (Male) |
| 21:03 | Create | Villager (Male) |
| 21:50 | Build | Lumber Camp |
| 21:55 | Build | Farm |
| 21:58 | Build | Farm |
| 22:01 | Build | Farm |
| 22:02 | Build | Farm |
| 22:04 | Build | Farm |
| 22:08 | Build | Farm |
| 22:09 | Build | Farm |
| 22:13 | Build | Farm |
| 22:14 | Build | Farm |
| 22:29 | Create | Archer |
| 22:29 | Create | Archer |
| 22:30 | Create | Archer |
| 22:30 | Create | Archer |
| 22:57 | Build | Farm |
| 23:01 | Create | Villager (Male) |
| 23:02 | Create | Villager (Male) |
| 23:02 | Create | Villager (Male) |
| 23:07 | Create | Archer |
| 23:07 | Create | Archer |
| 23:08 | Create | Archer |
| 23:08 | Create | Archer |
| 23:09 | Create | Archer |
| 23:10 | Create | Archer |
| 23:46 | Create | Battering Ram |
| 23:48 | Create | Battering Ram |
| 24:11 | Create | Villager (Male) |
| 24:11 | Create | Villager (Male) |
| 24:20 | Build | Market |
| 24:22 | Build | House |
| 24:24 | Build | House |
| 24:35 | Build | Farm |
| 24:36 | Build | Farm |
Match timeline
| 6:30 | AlfieDX9 · first_building Barracks |
| 8:34 | 寶哥哥 · first_building Barracks |
| 9:18 | 寶哥哥 · age_up feudal |
| 9:46 | AlfieDX9 · age_up feudal |
| 9:54 | AlfieDX9 · first_building Archery Range |
| 10:44 | 寶哥哥 · wall_segment Palisade Wall x1 |
| 12:31 | 寶哥哥 · wall_segment Palisade Wall x2 |
| 12:54 | 寶哥哥 · wall_segment Palisade Wall x1 |
| 13:30 | 寶哥哥 · wall_segment Palisade Wall x9 |
| 16:23 | 寶哥哥 · first_building Archery Range |
| 16:42 | AlfieDX9 · first_building Siege Workshop |
| 26:04 | AlfieDX9 · wall_segment Palisade Wall x1 |
| 26:08 | AlfieDX9 · wall_segment Palisade Wall x1 |
| 26:48 | AlfieDX9 · first_market_buy 100 food |
| 26:49 | 寶哥哥 · age_up castle |
| 27:34 | 寶哥哥 · resign |
[ AI ANALYSIS · 1 CREDIT ]
What really happened in this match?
Wolo.gg analyzes every decision: build order, eco, micro, common mistakes by bracket. Personalized analysis on WhatsApp or Discord in 30 seconds.
Civ guide
Wei
Map guide
Arabia
Perfil
Jugador #6910321